 BcadrenCrawl: Boulder Brew version 0.06-688-g08e91b2d95 (webtiles) character file.

Game seed: 1575940833534518260

115 Leeroy the Slasher (level 4, -2/32 HPs) Molten Gargoyle Merfolk. Began on Jan 29, 2023. Slain by a sewer rat (4 damage) ... on level 2 of the Dungeon. The game lasted 00:02:19 (826 turns).

Leeroy the Slasher (Molten Gargoyle Merfolk)         Turns: 826, Time: 00:02:19

Health: -2/32      AC:  6    Str: 11    XL:     4 ^: 31
Magic:  4/4        EV: 18    Int:  8    God:
Gold:   41         SH:  0    Dex: 19    Spells: 3/3 levels left

rFire    + + +     Slash    +   a - +0 long sword
rCold    x . .     Pierce   .   j - +3 short sword (freeze)
rNeg     + . .     Bludgeon +   b - +0 leather armour
rCorr    . . .     Vision   .   c - +0 helmet
rPois    ∞         Gourm    .   (no cloak)
rElec    +         Faith    .   (no gloves)
MR       .....     Spirit   .   (boots currently unavailable)
HPRegen  0.20/turn Reflect  .   (no amulet)
MPRegen  0.14/turn Harm     .   (no ring)
Stlth    +++.......             (no ring)

@: very quick
A: torment immune, lava walking, breathe magma 1, fire resistance 3, negative
energy resistance 1, electricity resistance, unbreathing, petrification
resistance, cold vulnerability 1, rot immunity, merfolk tail, core melding 2,
artificial flesh
a: Breathe Magma


You were on level 2 of the Dungeon.
You were not hungry.

You visited 1 branch of the dungeon, and saw 2 of its levels.

You collected 41 gold pieces.

Inventory:

Weapons
 a - a +0 long sword (weapon)
 j - a +3 short sword of freezing (weapon) Shields
 n - a +0 targe
Armour
 b - a +0 leather armour (worn)
 c - a +0 helmet (worn)
Wands
 d - a wand of ensnaring (9)
Scrolls
 e - a scroll of enchantment
 h - a scroll of magic mapping
 i - a scroll of blinking
 k - 3 scrolls of teleportation
 l - a scroll of bless item
Potions
 m - a potion of heal wounds
Comestibles
 f - a ration
 g - 3 chunks of flesh


   Skills:
 - Level 2.5 Fighting
 + Level 4.9 Long Blades
 - Level 3.6 Dodging
 - Level 2.2 Evocations


You had 3 spell levels left.
You didn't know any spells.
Your spell library was empty.

Dungeon Overview and Level Annotations

Branches:
Dungeon (2/8)

Altars:


Innate Abilities, Weirdness & Mutations

You are resistant to torment.
You are not damaged by walking on lava.
You are immune to poison.
You can breathe lava.
You are almost immune to the effects of heat. (rF+++)
You resist negative energy. (rN+)
You are resistant to electric shocks. (rElec)
You can survive without breathing.
You are immune to petrification.
You are vulnerable to cold. (rC-)
You are immune to rotting.
On contact with water, your feet merge into a fishtail, which allows you to swim quickly, evasively and stealthily.
The molten core of your body molds to fit into any body armour perfectly. (1.5x Base AC and No Encumberance from Armour).
Your artificial form resists hard blunt hits and is difficult to cut into. (rBludgeoning+ , rSlashing+)


Message History

You hit the sewer rat but do no damage.
The sewer rat is moderately wounded. (9/12) HP The sewer rat closely misses you.
You riposte.
You hit the sewer rat but do no damage. The sewer rat bites you (4).
* * * LOW HITPOINT WARNING * * *
The big kobold picks up a +0 short sword.
The big kobold wields a +0 short sword.
The big kobold picks up a +0 hand crossbow.
The big kobold wields a +0 hand crossbow.
You hit the sewer rat (1).
It is lacerated severely!
You hit the sewer rat but do no damage.
Your tail-slap misses the sewer rat.
The sewer rat is moderately wounded. (8/12) HP The sewer rat bites you but does no damage.
An adder skeleton comes into view.
The sewer rat bites you but does no damage.
The adder skeleton moves out of view.
You barely miss the sewer rat. You hit the sewer rat but do no damage.
The sewer rat is moderately wounded. (8/12) HP The sewer rat bites you (4).
You die...
PP≈PPP≈≈≈

≈≈≈≈ ≈ P≈.P≈≈P≈.≈≈.≈≈≈≈
≈≈ .......b. .... ≈≈≈
≈≈.. ...≈ ...# ≈≈≈≈
##..###..# #.. ≈≈≈≈.
≈..≈#≈≈≈.# ..#
≈≈≈≈Kr###..###.≈###≈#
≈≈≈≈rrrKr@..≈≈.≈.≈..#
≈≈≈≈rr###.b###..###≈#
≈≈≈≈. # #..≈≈#....#≈#
≈≈≈≈.≈#.#≈.###≈.###≈#
≈≈b§.≈.≈≈..≈≈≈......###
P≈
≈..#.#≈.###..###≈..## .
≈ #≈#..# #.≈≈≈#..≈.## #
#..# #..###....≈## ≈≈≈≈
....≈≈....##.


You could see a big kobold, 7 sewer rats and a kobold.

Vanquished Creatures
  3 giant cockroaches
  An adder (D:2)
  2 sewer rats (D:2)
  A cinder newt (D:2)
  An ooze (D:2)
  3 leopard geckos (D:1)
  4 goblins (D:1)
  6 hobgoblins (D:1)
  5 kobolds
  A ball python (D:1)
  2 bats (D:1)
  7 rats (D:1)
36 creatures vanquished.

Vanquished Creatures (others)
  20 withered plants (D:2)
20 creatures vanquished.

Grand Total: 56 creatures vanquished

Notes
Turn   | Place    | Note
-------+----------+-------------------------------------------
     0 | D:1      | Leeroy the Molten Gargoyle Merfolk began the quest for the
                  | Orb.
     0 | D:1      | Reached XP level 1. HP: 16/16 MP: 1/1
    48 | D:1      | Reached skill level 3 in Long Blades
    48 | D:1      | Reached XP level 2. HP: 17/21 MP: 2/2
   195 | D:1      | Reached XP level 3. HP: 27/27 MP: 3/3
   286 | D:1      | Reached skill level 4 in Long Blades
   729 | D:2      | Reached XP level 4. HP: 32/32 MP: 4/4
   798 | D:2      | Noticed a big kobold
   824 | D:2      | HP: 1/32 [sewer rat (4)]
   826 | D:2      | Slain by a sewer rat

Illustrated notes

Levels and vault maps discovered:
D:1:      tarquinn_simple_flora_water_e, layout_loops_ring,
          cheibrodos_sewer_entry_bend
D:2:      layout_sewer, bcadren_lemuel_inverted_doored_altar,
          old_standard_altar, minmay_misc_feat_nine_boxes, uniq_purgy

Skill      XL: |  1  2  3 |
---------------+----------+-----
Long Blades    | 3 4 |  4.9
Fighting       | |  2.5
Dodging        | |  3.6
Evocations     | |  2.2

Action                   |  1- 3 |  4- 6 || total
-------------------------+-------+-------++-------
Melee: Long sword        |    45 |    35 ||    80
       Unarmed           |     6 |       ||     6
       Short sword       |    16 |    30 ||    46
       Peck              |       |     7 ||     7
 Stab: Sleeping          |     3 |       ||     3
       Distracted        |     1 |       ||     1
Armor: Leather armour    |    30 |    31 ||    61
Dodge: Dodged            |    21 |    28 ||    49
       Rpst.: Long sword |     6 |    10 ||    16
